 Dungeon Sprint DCSS version 0.30.1-11-g7821555f0a (webtiles) character file.

Game seed: 14081397887336567223

191 Groucho the Sneak (level 5, 0/29 HPs)
             Began as a Spriggan Fighter on Jan 4, 2024.
             Slain by a worm (11 damage)
             ... in the Dungeon (Sprint IX: "|||||||||||||||||||||||||||||").
             The game lasted 00:00:53 (275 turns).

Groucho the Sneak (Spriggan Fighter)                 Turns: 275, Time: 00:00:53

Health: 0/29       AC:  2    Str: 12    XL:     5   Next: 41%
Magic:  5/9        EV: 19    Int: 10    God:
Gold:   0          SH:  5    Dex: 16    Spells: 4/4 levels left

rFire   . . .        a - +0 rapier
rCold   . . .        c - +0 buckler
rNeg    . . .        b - +0 robe
rPois   .            (helmet restricted)
rElec   .            (no cloak)
rCorr   .            (gloves unavailable)
SInv    +            (boots unavailable)
Will    .....        (no amulet)
Stlth   ++++         (no ring)
HPRegen 0.24/turn    (no ring)
MPRegen 0.11/turn

%: no teleportation
@: on berserk cooldown, slowed, quick
A: very small, no large weapons, unfitting armour, see invisible, speed 3
a: no special abilities


You were in the Dungeon.
You visited 1 branch

Inventory:

Hand Weapons
 a - a +0 rapier (weapon)
Armour
 b - a +0 robe (worn)
 c - a +0 buckler (worn)
Scrolls
 j - a scroll of blinking
Potions
 d - a potion of might
 e - a potion of curing
 g - a potion of haste
 h - 2 potions of magic


   Skills:
 + Level 3.8 Fighting
 * Level 5.8 Short Blades
 + Level 6.1 Dodging
 * Level 7.6 Stealth
 * Level 4.3 Shields
 * Level 4.8 Invocations


You had 4 spell levels left.
You didn't know any spells.
Your spell library was empty.

Dungeon Overview and Level Annotations

Branches:
Dungeon (1/1)

Altars:


Innate Abilities, Weirdness & Mutations

You are very small and have problems with some larger weapons.
You are too small for most types of armour.
You have supernaturally acute eyesight. (SInv)
You cover ground extremely quickly. (Speed+++)


Message History

The black bear is severely wounded.
The black bear barely misses you. The black bear completely misses you.
The black bear claws you.
Unknown command.
You barely miss the black bear.
The black bear is severely wounded.
You puncture the black bear!
The black bear is almost dead.
You block the black bear's attack. x2; The black bear closely misses you.
Unknown command.
You completely miss the black bear.
The black bear is almost dead.
Unknown command.
You hit the black bear.
You kill the black bear!
Your Short Blades skill increases to level 5!
Your Dodging skill increases to level 6!
Your Stealth skill gained 2 levels and is now at level 7!
Your Shields skill increases to level 4!
Your Invocations skill increases to level 4!
You have reached level 5!
You feel clever.
Unknown command.
Unknown command.
You see here a black bear corpse.
You barely miss the worm. The worm closely misses you.
You puncture the worm!
The worm is heavily wounded.
You puncture the worm!
You kill the worm!
You are no longer berserk.
You are exhausted.
You feel yourself slow down.
You see here a worm corpse.
You completely miss the worm. You block the worm's attack.
You barely miss the worm. You block the worm's attack.
You hit the worm.
The worm is moderately wounded.
The worm bites you!
You die... ▓▓▓▓▓▓▓▓▓▓▓▓▓▓▓▓▓▓ +..w@†'.....'...<▓ ▓▓▓▓▓▓▓▓▓▓▓▓▓▓▓▓▓▓

You could see a worm.

Vanquished Creatures
  A black bear (D)
  A scorpion (D)
  A jelly (D)
  A worm (D)
  A dart slug (D)
  An endoplasm (D)
  A giant cockroach (D)
  2 quokkas (D)
9 creatures vanquished.

Notes
Turn   | Place    | Note
-------+----------+-------------------------------------------
     0 | D        | Groucho the Spriggan Fighter began the quest for the Orb.
     0 | D        | Reached XP level 1. HP: 11/11 MP: 2/2
     9 | D        | Banished a spatial maelstrom
    11 | D        | Reached skill level 1 in Stealth
    13 | D        | Reached skill level 1 in Invocations
    20 | D        | Reached skill level 2 in Stealth
    32 | D        | Reached XP level 2. HP: 13/16 MP: 2/4
   251 | D        | Noticed a black bear
   251 | D        | Noticed a scorpion
   255 | D        | Killed a scorpion
   256 | D        | Reached skill level 5 in Dodging
   256 | D        | Reached skill level 5 in Stealth
   256 | D        | Reached XP level 3. HP: 20/20 MP: 4/6
   259 | D        | Reached XP level 4. HP: 18/24 MP: 4/7
   267 | D        | Killed a black bear
   268 | D        | Reached skill level 5 in Short Blades
   268 | D        | Reached skill level 7 in Stealth
   268 | D        | Reached XP level 5. HP: 15/29 MP: 4/9
   275 | D        | Slain by a worm

Illustrated notes

Levels and vault maps discovered:
D:        linesprint [early_d, line_temple, items_1, d_10, items_2, lair_1,
          lair_end, items_3, orc_1, orc_end, items_4, d_15, swamp_1, shoals_1,
          snake_1, spider_1, d_20, vaults_1, items_5, swamp_end, shoals_end,
          snake_end, spider_end, vaults_end, d_27, items_6, zot_1, zot_end,
          crypt_end, forest_end, elf_end, slime_end, tomb_end, abyss_end,
          pan_hell_end]

Skill      XL: |  1  2  3  4 |
---------------+-------------+-----
Stealth        | 2 5 7 |  7.6
Invocations    | 1 3 4 |  4.8
Fighting       | 3 |  3.8
Short Blades   | 4 5 |  5.8
Dodging        | 5 6 |  6.1
Shields        | 3 4 |  4.3

Action                     |  1- 3 |  4- 6 || total
---------------------------+-------+-------++-------
  Melee: Rapier            |    31 |    15 ||    46
    Use: Potion            |     2 |       ||     2
   Stab: Sleeping          |     1 |       ||     1
 Armour: Robe              |     5 |       ||     5
  Dodge: Dodged            |    17 |    10 ||    27
  Block: Buckler           |     3 |     6 ||     9
